 Dungeon Crawl Stone Soup version 0.13-a0-2884-gbbf8bdf (webtiles) character file.

145 PolkaDot the Vexing (level 3, -1/24 HPs)
             Began as a Vampire Enchanter on Aug 29, 2013.
             Killed from afar by an orc wizard (8 damage)
             ... with a magic dart
             ... on Level 3 of the Dungeon.
             The game lasted 00:05:29 (2256 turns).

PolkaDot the Vexing (Vampire Enchanter)             Turns: 2256, Time: 00:05:29

HP  -1/24        AC  3     Str  7      XL: 3   Next: 58%
MP   6/6         EV 12     Int 18      God:
Gold 94          SH  0     Dex 14      Spells:  2 memorised,  0 levels left

Res.Fire  : . . .   See Invis. : +   i - +5,+2 dagger
Res.Cold  : + + .   Warding    : .   b - +1 robe
Life Prot.: + + +   Conserve   : .   (no shield)
Res.Poison: +       Res.Corr.  : .   (no helmet)
Res.Elec. : .       Clarity    : .   (no cloak)
Sust.Abil.: . .     Spirit.Shd : .   (no gloves)
Res.Mut.  : .       Stasis     : .   (no boots)
Res.Rott. : +       Flight     : .   (no amulet)
Saprovore : . . .                    (no ring)
                                     (no ring)

@: regenerating slowly, invisible, very slightly contaminated, slightly
resistant to hostile enchantments, quite stealthy
A: fangs 3, see invisible, unbreathing
a: Bat Form


You were on level 3 of the Dungeon.
You were near bloodless.

You visited 1 branch of the dungeon, and saw 3 of its levels.

You collected 74 gold pieces.

Inventory:

Hand weapons
 a - a +1,+1 dagger {=f}
 i - a +5,+2 dagger (weapon)
 t - a +1,+2 long sword of protection
Missiles
 d - 11 darts (quivered)
Armour
 b - a +1 robe (worn)
Scrolls
 f - a scroll of fear {unknown}
 g - 4 scrolls of identify {unknown}
 h - a scroll of random uselessness {unknown}
 j - 2 scrolls of curse weapon {unknown}
 k - 2 scrolls of magic mapping {unknown}
 l - a scroll of noise {unknown}
 n - 2 scrolls of enchant weapon I {unknown}
 o - a scroll of fog {unknown}
 p - a scroll of blinking {unknown}
 r - 3 scrolls of amnesia {unknown}
Potions
 e - a potion of coagulated blood
 q - 2 potions of poison
 v - a potion of resistance {unknown}
Books
 c - a book of Maledictions

   Spells                             Type                      Level
   *Corona                            Hexes                        1
   Sure Blade                         Hexes/Charms                 2
   Ensorcelled Hibernation            Hexes/Ice                    2
   *Confuse                           Hexes                        3
   Enslavement                        Hexes                        4
   Invisibility                       Hexes                        6


   Skills:
 * Level 2.9 Short Blades
 - Level 0.7 Throwing
 - Level 2.1 Dodging
 + Level 4.3 Stealth
 - Level 1.0 Spellcasting
 + Level 4.8 Hexes


You couldn't memorise any spells.
You knew the following spells:

 Your Spells              Type           Power        Failure   Level  Hunger
a - Corona                Hex            ###....      2%          1    ##.....
c - Confuse               Hex            ###.....     10%         3    ####...


Dungeon Overview and Level Annotations

Branches:
Dungeon (3/27)

Altars:


Innate Abilities, Weirdness & Mutations

You heal slowly.
You have razor-sharp teeth.*
You have supernaturally acute eyesight.
You can survive without breathing.*


Message History

* * * LOW HITPOINT WARNING * * *
You are very lightly contaminated with residual magic.
Drink which item? (? for menu, Esc to quit)
You feel better.
It was a potion of curing.
The orc wizard barely misses you.
You barely miss the orc wizard.
The orc wizard hits you with an orcish dagger.
You hit the orc wizard.
The orc wizard is lightly wounded.
The orc wizard hits you with an orcish dagger.
* * * LOW HITPOINT WARNING * * *
You see here an orc corpse.
You hit the orc wizard but do no damage.
The orc wizard is lightly wounded.
The orc wizard points at you and mumbles some strange words.
The puff of flame misses you.
You closely miss the orc wizard.
The orc wizard is lightly wounded.
The orc wizard casts a spell at you. The magic dart hits you!
You die...

##### #...# . #...# ...
##########...# !...
#........#...# .....
#........#...#######...o...
#%...........'@oo..'.......
###............#######.......
............#### .....
##..........#### ####
#.####.#......# #.#
#.#......# #.####.#......##
#.>..............
#....).....######


You could see an orc wizard and an orc.

Vanquished Creatures
  An adder (D:2)
  A worm (D:2)
  2 giant geckos
  An orc (D:3)
  3 bats
  5 goblins
  5 hobgoblins
  2 jackals (D:1)
  3 kobolds
  A quokka (D:3)
  2 ball pythons (D:1)
  2 giant cockroaches
  A giant newt (D:1)
  2 rats (D:2)
31 creatures vanquished.

Notes
Turn   | Place    | Note
--------------------------------------------------------------
     0 | D:1      | PolkaDot, the Vampire Enchanter, began the quest for the Orb.
     0 | D:1      | Reached XP level 1. HP: 13/13 MP: 4/4
   591 | D:1      | Reached XP level 2. HP: 16/19 MP: 3/5
  1379 | D:2      | Reached XP level 3. HP: 22/24 MP: 4/6
  1384 | D:2      | Learned a level 3 spell: Confuse
  2248 | D:3      | Paralysed by a potion of paralysis for 1 turns
  2256 | D:3      | Killed from afar by an orc wizard

Action                   || total
-------------------------++-------
Melee: Dagger            ||   114
       Long sword        ||     1
Throw: Dart              ||    12
 Cast: Corona            ||     7
  Use: Potion            ||     4
 Stab: Sleeping          ||     6
